 Dungeon Sprint DCSS version 0.20-a0-40-gb6e7b4f (webtiles) character file.

615 esc the Thaumaturge (level 7, -18/44 HPs)
             Began as a Deep Elf Fire Elementalist on Nov 11, 2016.
             Was an Initiate of Vehumet.
             Demolished by Sonja
             ... wielding a +2 short sword of distortion
              (21 damage)
             ... in the Dungeon (Sprint I: "Red Sonja").
             The game lasted 00:01:54 (583 turns).

esc the Thaumaturge (Deep Elf Fire Elementalist)     Turns: 583, Time: 00:01:56

Health: -18/44     AC:  2    Str:  5    XL:     7   Next: 21%
Magic:  17/22      EV: 18    Int: 22    God:    Vehumet [......]
Gold:   297        SH:  0    Dex: 15    Spells: 2 memorised, 20 levels left

rFire  . . .     SeeInvis .     (no weapon)
rCold  . . .     Gourm    .     a - +0 robe
rNeg   . . .     Faith    .     (no shield)
rPois  .         Spirit   .     (no helmet)
rElec  .         Reflect  .     (no cloak)
rCorr  .         Harm     .     (no gloves)
MR     .....     NoTele   +     (no boots)
Stlth  ++........               (no amulet)
                                (no ring)
                                (no ring)

@: lethally poisoned (-18 -> -29), slowed, very slow
A: no striking features
a: Renounce Religion


You were in the Dungeon.
You worshipped Vehumet.
Vehumet was noncommittal.
You were not hungry.

You visited 1 branch You collected 297 gold pieces.

Inventory:

Hand Weapons
 k - a +0 scythe
   (You took it off Sigmund in the Dungeon)
Armour
 a - a +0 robe (worn)
Wands
 l - a wand of teleportation (7/9)
   (You took it off Sigmund in the Dungeon)
Scrolls
 i - a scroll of blinking {!r}
 m - a scroll of fog {unknown}
 n - a scroll of magic mapping {unknown}
 o - a scroll of remove curse {unknown}
Potions
 d - a potion of curing
 e - a potion of heal wounds
 f - a potion of haste
 g - 2 potions of magic
 h - a potion of berserk rage {!q}
Books
 b - a book of Flames
Comestibles
 c - a bread ration {@e1}


   Skills:
 + Level 5.6 Fighting
 + Level 8.8 Dodging
 - Level 2.4 Stealth
 + Level 9.5 Spellcasting
 + Level 7.8 Conjurations
 + Level 8.4 Fire Magic


You had 20 spell levels left.
You knew the following spells:

 Your Spells              Type           Power        Failure   Level  Hunger
a - Flame Tongue          Conj/Fire      #####        1%          1    None
s - Sticky Flame          Conj/Fire      #####...     1%          4    ##.....


Dungeon Overview and Level Annotations

Branches:
Dungeon (1/1)

Altars:
Cheibriados
Dithmenos
Elyvilon
Fedhas
Gozag
Hepliaklqana
Kikubaaqudgha
Makhleb
Nemelex Xobeh
Okawaru
Qazlal
Ru
Sif Muna
Trog
Uskayaw
Vehumet
Xom
Yredelemnul
Zin
The Shining One
Jiyva
Lugonu

Shops:
D (

Annotations:
D Sonja


Message History

You take 19 damage, and have 21/40 hp.
MASSIVE DAMAGE!!
You now have 13/19 mp.
The slime creature burns!
The slime creature burns!
There is an open door here.
The slime creature burns!
The slime creature burns!
The slime creature burns!
There is an open door here.
The slime creature burns!
The slime creature burns!
The slime creature burns!
There is an open door here.
You see here a giant club.
The slime creature burns!
The slime creature stops burning.
Aim: a slime creature (severely wounded)
The flame tongue hits the slime creature.
The slime creature hits you!
* * * LOW HITPOINT WARNING * * *
You take 16 damage, and have 6/40 hp.
MASSIVE DAMAGE!!
You now have 14/19 mp.
Aim: a slime creature (severely wounded)
The sticky flame hits the slime creature.
The slime creature is covered in liquid flames!
The slime creature burns!
The slime creature misses you.
You now have 10/19 mp.
A slime creature is nearby!
The slime creature burns!
There is an open door here.
The slime creature burns!
The slime creature burns!
The slime creature burns!
You kill the slime creature!
Vehumet accepts your kill.
Your Spellcasting skill increases to level 9!
Your Fire Magic skill increases to level 8!
You have reached level 7!
There is an open door here.
There is an open door here.
You see here a giant club.
There is an open door here.
You see here a robe.
There is an open door here.
There is an open door here.
There is an open door here.
You open the door.
Sonja, the Graceful Assassin comes into view.
She is wielding a short sword of distortion.
You close the door.
You start resting.
Health restored: 44; MP restored: 22 You open the door.
Sonja shouts!
Sonja unwields an uncursed short sword of distortion.
Its appearance distorts for a moment.
Sonja wields an uncursed blowgun.
Sonja shoots a curare-tipped needle.
The curare-tipped needle hits you.
You are poisoned.
You have difficulty breathing.
You feel yourself slow down.
There is an open door here.
You see here a curare-tipped needle.
You take 6 damage, and have 38/44 hp.
Unknown command.
Unknown command.
Unknown command.
You feel very sick.
Sonja shouts, "Too slow!"
Sonja shoots a curare-tipped needle.
The curare-tipped needle barely misses you.
Sonja casts a spell.
Sonja blinks!
You take 3 damage, and have 35/44 hp.
Unknown command.
Unknown command.
Aim: Sonja, wielding a blowgun The sticky flame hits Sonja.
Sonja is covered in liquid flames!
You feel sick.
Sonja burns!
Sonja unwields an uncursed blowgun.
Sonja wields an uncursed short sword of distortion.
Its appearance distorts for a moment.
Sonja hits you with an uncursed short sword of distortion.
Sonja barely misses you. x2; Sonja closely misses you.
Sonja completely misses you. Sonja barely misses you.
You take 3 damage, and have 32/44 hp.
You now have 18/22 mp.
Aim: Sonja, wielding a short sword of distortion (moderately wounded, covered in liquid flames)
The flame tongue hits Sonja.
Sonja appears unharmed.
You feel sick.
Sonja burns! x2
Sonja hits you with an uncursed short sword of distortion. x2
Space bends around you. Sonja barely misses you.
Sonja hits you but does no damage. Space bends around you.
Sonja hits you with an uncursed short sword of distortion.
* * * LOW HITPOINT WARNING * * *
You feel a strange sense of stasis.
Sonja hits you with an uncursed short sword of distortion!
* * * LOW HITPOINT WARNING * * *
Space warps horribly around you!
You die...

#..'..#..'[.#..'^.+
#..#####'#####'#__#
#..####..#...#.####
#..#__####..##.#
#..#_____##'#..+
#⌠⌠#_.∩...'.(._#
####_..__##_.#'#
#_____###K#.#
####### #@### +$.$+
#$.$# ##.## #+#


You could see Sonja (burning).

Vanquished Creatures
  A slime creature (D)
  Sigmund (D)
  A yak (D)
  An ogre (D)
  A jelly (D)
  Ijyb (D)
6 creatures vanquished.

Notes
Turn   | Place    | Note
-------+----------+-------------------------------------------
     0 | D        | esc the Deep Elf Fire Elementalist began the quest for the Orb.
     0 | D        | Reached XP level 1. HP: 10/10 MP: 6/6
     1 | D        | Noticed Ijyb
     7 | D        | Killed Ijyb
     7 | D        | Reached skill level 1 in Fighting
     7 | D        | Reached skill level 3 in Dodging
     7 | D        | Reached skill level 4 in Spellcasting
     7 | D        | Reached skill level 2 in Conjurations
     7 | D        | Reached skill level 4 in Fire Magic
     7 | D        | Reached XP level 2. HP: 15/17 MP: 0/9
    87 | D        | Noticed an ogre
    91 | D        | Killed an ogre
    91 | D        | Reached skill level 3 in Fighting
    91 | D        | Reached skill level 5 in Dodging
    91 | D        | Reached skill level 6 in Spellcasting
    91 | D        | Reached skill level 4 in Conjurations
    91 | D        | Reached skill level 5 in Fire Magic
    91 | D        | Reached XP level 3. HP: 23/23 MP: 5/12
    91 | D        | Reached XP level 4. HP: 28/28 MP: 5/14
   106 | D        | Learned a level 4 spell: Sticky Flame
   153 | D        | Noticed Sigmund
   158 | D        | Killed Sigmund
   158 | D        | Reached skill level 4 in Fighting
   158 | D        | Reached skill level 7 in Dodging
   158 | D        | Reached skill level 7 in Spellcasting
   158 | D        | Reached skill level 6 in Conjurations
   158 | D        | Reached skill level 6 in Fire Magic
   158 | D        | Reached XP level 5. HP: 33/33 MP: 7/17
   221 | D        | Found a deep blue altar of Sif Muna.
   223 | D        | Found a radiant altar of Vehumet.
   227 | D        | Reached skill level 7 in Fire Magic
   227 | D        | Reached XP level 6. HP: 39/39 MP: 14/18
   242 | D        | Became a worshipper of Vehumet
   259 | D        | Found Egrua's Antique Weapon Emporium.
   259 | D        | Found an ancient bone altar of Kikubaaqudgha.
   259 | D        | Found a hazy altar of Hepliaklqana.
   259 | D        | Found a stormy altar of Qazlal.
   259 | D        | Found a hide-covered altar of Uskayaw.
   259 | D        | Found a blossoming altar of Fedhas.
   259 | D        | Found a bloodstained altar of Trog.
   259 | D        | Found an iron altar of Okawaru.
   259 | D        | Found a basalt altar of Yredelemnul.
   259 | D        | Found a glowing golden altar of the Shining One.
   259 | D        | Found a snail-covered altar of Cheibriados.
   259 | D        | Found a sacrificial altar of Ru.
   259 | D        | Found a glowing silver altar of Zin.
   259 | D        | Found a shadowy altar of Dithmenos.
   259 | D        | Found a white marble altar of Elyvilon.
   259 | D        | Noticed a yak
   265 | D        | Killed a yak
   265 | D        | Reached skill level 5 in Fighting
   265 | D        | Reached skill level 8 in Dodging
   265 | D        | Reached skill level 8 in Spellcasting
   265 | D        | Reached skill level 7 in Conjurations
   269 | D        | Found an opulent altar of Gozag.
   270 | D        | Found a sparkling altar of Nemelex Xobeh.
   304 | D        | Found a burning altar of Makhleb.
   304 | D        | Found a viscous altar of Jiyva.
   304 | D        | Found a shimmering altar of Xom.
   304 | D        | Found a corrupted altar of Lugonu.
   304 | D        | Noticed a slime creature
   318 | D        | HP: 6/40 [slime creature (16)]
   324 | D        | Killed a slime creature
   324 | D        | Reached skill level 9 in Spellcasting
   324 | D        | Reached skill level 8 in Fire Magic
   324 | D        | Reached XP level 7. HP: 8/44 MP: 12/22
   347 | D        | Noticed Sonja
   583 | D        | HP: 10/44 [Sonja/uncursed short sword of distortion (4)]
   583 | D        | HP: 3/44 [Sonja/uncursed short sword of distortion (7)]
   583 | D        | Demolished by Sonja

Vault maps used:
D:        dungeon_sprint_1

Skill      XL: |  1  2  3  4  5  6 |
---------------+-------------------+-----
Fighting       | 1 3 4 5 |  5.6
Dodging        | 3 5 7 8 |  8.8
Spellcasting   | 4 6 7 9 |  9.5
Conjurations   | 2 4 6 7 |  7.8
Fire Magic     | 4 5 6 7 8 |  8.4
Stealth        | |  2.4

Action                   |  1- 3 |  4- 6 |  7- 9 || total
-------------------------+-------+-------+-------++-------
 Cast: Flame Tongue      |     9 |    12 |     1 ||    22
       Sticky Flame      |       |     4 |     1 ||     5
Dodge: Dodged            |     3 |     5 |     7 ||    15

Vault maps used:
D:        dungeon_sprint_1

Table legend:
 A = Turns spent in this place as a percentage of turns spent in the entire game.
 B = Non-inter-level travel turns spent in this place as a percentage of non-inter-level travel turns spent in the entire game.
 C = Inter-level travel turns spent in this place as a percentage of turns spent in this place.
 D = Turns resting spent in this place as a percentage of non-inter-level travel turns spent in this place.
 E = Turns spent auto-exploring this place as a percentage of non-inter-level travel turns spent in this place.
 F = Non-inter-level travel turns spent in this place divided by the number of levels of this place that you've seen.
                   A       B       C       D       E      F
               +-------+-------+-------+-------+-------+----------------------
         Total | 100.0 | 100.0 |   0.0 |   6.1 |   0.0 | 165.0
       Dungeon | 100.0 | 100.0 |   0.0 |   6.1 |   0.0 | 165.0
               +-------+-------+-------+-------+-------+----------------------

Table legend:
 A = Kills in this place as a percentage of kills in entire the game.
 B = Kills by you in this place as a percentage of kills by you in the entire game.
 C = Kills by friends in this place as a percentage of kills by friends in the entire game.
 D = Other kills in this place as a percentage of other kills in the entire game.
 E = Experience gained in this place as a percentage of experience gained in the entire game.
 F = Experience gained in this place divided by the number of levels of this place that you have seen.
                   A       B       C       D       E      F
               +-------+-------+-------+-------+-------+----------------------
         Total | 100.0 | 100.0 |  -nan |  -nan | 100.0 | 879.0
       Dungeon | 100.0 | 100.0 |  -nan |  -nan | 100.0 | 879.0
               +-------+-------+-------+-------+-------+----------------------
